 Dungeon Crawl Stone Soup version 0.17.2 (webtiles) character file.

850 Nekros the Destroyer (level 7, -3/36 HPs)
             Began as a Deep Elf Wizard on June 3, 2016.
             Killed from afar by Natasha (11 damage)
             ... with a magic dart
             ... on level 4 of the Dungeon.
             The game lasted 00:34:54 (5437 turns).

Nekros the Destroyer (Deep Elf Wizard)              Turns: 5437, Time: 00:34:54

Health: -3/36      AC:  4    Str:  4      XL:     7   Next: 69%
Magic:  3/20       EV: 12    Int: 22 (25) God:
Gold:   247        SH:  0    Dex: 13      Spells: 5 memorised, 10 levels left

rFire  . . .     SeeInvis .     j - +0 short sword
rCold  . . .     Clarity  +     a - +0 robe
rNeg   . . .     SustAt   .     (no shield)
rPois  .         Gourm    .     x - +1 hat
rElec  .         Spirit   .     (no cloak)
rCorr  .         Warding  .     (no gloves)
rMut   .         Stasis   .     i - +0 pair of boots
MR     +....                    n - amulet of clarity
Stlth  ++........               w - +1 ring of slaying
                                o - ring of protection from magic

@: flying, somewhat resistant to hostile enchantments, unstealthy
A: no striking features
a: no special abilities


You were on level 4 of the Dungeon.
You were not hungry.

You visited 1 branch of the dungeon, and saw 5 of its levels.

You collected 247 gold pieces.

Inventory:

Hand Weapons
 f - a +0 shortbow
 j - a +0 short sword (weapon)
Missiles
 q - 6 poisoned arrows
 y - 11 arrows of flame
Armour
 a - a +0 robe (worn)
 b - a +0 hat
 i - a +0 pair of boots (worn)
 x - a +1 hat (worn)
Jewellery
 n - an amulet of clarity (around neck)
 o - a ring of protection from magic (left hand)
 u - an uncursed amulet of the gourmand
 w - a +1 ring of slaying (right hand)
Scrolls
 h - a scroll of fear
 k - a scroll of fog
 p - 3 scrolls of remove curse
 r - 2 scrolls of identify
 t - 2 scrolls of teleportation
 z - a scroll of enchant weapon {unknown}
Potions
 l - a potion of ambrosia {unknown}
 s - a potion of curing
 v - a potion of invisibility {unknown}
Books
 c - a book of Minor Magic

   Spells                             Type                      Level
   a - Magic Dart                     Conjuration                  1
   b - Blink                          Translocation                2
   c - Call Imp                       Summoning                    2
   d - Repel Missiles                 Charms/Air                   2
   e - Slow                           Hexes                        2
   f - Conjure Flame                  Conjuration/Fire             3
   g - Mephitic Cloud                 Conjuration/Poison/Air       3
Comestibles
 d - a bread ration
 m - a meat ration


   Skills:
 - Level 2.4 Dodging
 - Level 2.4 Stealth
 + Level 7.6 Spellcasting
 + Level 8.0 Conjurations
 - Level 1.1 Summonings
 - Level 1.1 Translocations


You had 10 spell levels left.
You knew the following spells:

 Your Spells              Type           Power        Failure   Level  Hunger
a - Magic Dart            Conj           ####         1%          1    None
b - Blink                 Tloc           N/A          10%         2    None
c - Call Imp              Summ           ##......     10%         2    None
d - Conjure Flame         Conj/Fire      ####....     6%          3    None
e - Mephitic Cloud        Conj/Pois/Air  ###.....     10%         3    None


Dungeon Overview and Level Annotations

Branches:
Dungeon (5/15)
 Temple: D:4-7

Altars:
Cheibriados
Qazlal
Ru
Trog

Annotations:
D:4 Natasha
D:5 SaintRoka's ghost, novice NaAK


Message History

It was a potion of curing.
You feel better. Natasha claws you but does no damage.
Casting: Conjure Flame
Confirm with . or Enter, or press ? or * to list all spells.
Aiming: Mephitic Cloud
Press: ? - help, Shift-Dir - straight line, p - Natasha The ball explodes into a vile cloud!
The stinking cloud engulfs Natasha.
The stinking cloud engulfs the sky beast.
The sky beast is almost dead.
The stinking cloud engulfs you!
You are engulfed in noxious fumes.
You choke on the stench!
You feel momentarily confused.
The sky beast is engulfed in noxious fumes.
Natasha claws you!
* * * LOW HITPOINT WARNING * * *
The crimson imp blinks!
Wield which item (- for none, * to show all)? (? for menu, Esc to quit)
j - a +0 short sword (weapon)
Natasha casts a spell at you. The magic dart hits you!
You die...

### ##@##
#### #§h.#
#..###§§##
##..Y§§Y##
#(.5h####
#(...##
#.....###
#.....§.# ##
#####...[...#


You could see a sky beast and Natasha.

Vanquished Creatures
  The ghost of Nekros the Magician, an amateur DEWz (D:3)
  A crocodile (D:4)
  An ogre (D:4)
  A centaur (D:5)
  A scorpion (D:5)
  A centaur zombie (D:4)
  2 hounds
  An orc wizard (D:4)
  An orc priest (D:3)
  Ijyb (D:2)
  Jessica (D:2)
  2 worker ants
  Terence (D:2)
  An iguana (D:4)
  Natasha (D:4)
  3 adders
  3 gnolls
  A shadow imp (D:5)
  An ooze (D:1)
  14 orcs
  A ball python (D:1)
  7 bats
  A giant cockroach (D:1)
  9 goblins
  6 hobgoblins
  7 jackals
  10 kobolds
  2 quokkas (D:2)
  2 giant geckos
  A giant newt (D:1)
  9 rats
94 creatures vanquished.

Vanquished Creatures (collateral kills)
  A gnoll (D:3)
1 creature vanquished.

Vanquished Creatures (others)
  7 fungi (D:4)
7 creatures vanquished.

Grand Total: 102 creatures vanquished

Notes
Turn   | Place    | Note
--------------------------------------------------------------
     0 | D:1      | Nekros the Deep Elf Wizard began the quest for the Orb.
     0 | D:1      | Reached XP level 1. HP: 10/10 MP: 7/7
   425 | D:1      | Reached skill level 5 in Spellcasting
   439 | D:1      | Reached XP level 2. HP: 15/15 MP: 0/10
   522 | D:1      | Learned a level 2 spell: Blink
   525 | D:1      | Learned a level 2 spell: Call Imp
  1106 | D:2      | Noticed Jessica
  1113 | D:2      | Killed Jessica
  1113 | D:2      | Reached skill level 6 in Spellcasting
  1113 | D:2      | Reached XP level 3. HP: 19/19 MP: 3/12
  1366 | D:2      | Learned a level 3 spell: Conjure Flame
  1370 | D:2      | Learned a level 3 spell: Mephitic Cloud
  1387 | D:2      | Reached XP level 4. HP: 20/24 MP: 7/14
  1785 | D:2      | Noticed Terence
  1797 | D:2      | Killed Terence
  2031 | D:2      | Noticed Ijyb
  2049 | D:2      | Killed Ijyb
  2176 | D:2      | Reached XP level 5. HP: 28/28 MP: 12/15
  2501 | D:3      | Noticed Nekros's ghost (amateur DEWz)
  2643 | D:3      | Killed Nekros's ghost
  2643 | D:3      | Reached skill level 5 in Conjurations
  2643 | D:3      | Reached XP level 6. HP: 20/32 MP: 2/17
  4124 | D:4      | Reached skill level 7 in Conjurations
  4124 | D:4      | Reached XP level 7. HP: 36/36 MP: 10/18
  4428 | D:4      | Noticed Natasha
  4446 | D:4      | Killed Natasha
  4728 | D:5      | Entered Level 5 of the Dungeon
  4754 | D:5      | Found a stormy altar of Qazlal.
  4798 | D:5      | Found a snail-covered altar of Cheibriados.
  4814 | D:5      | Found a sacrificial altar of Ru.
  4817 | D:5      | Found a bloodstained altar of Trog.
  5183 | D:5      | Reached skill level 8 in Conjurations
  5311 | D:5      | Found a bloodstained altar of Trog.
  5368 | D:5      | Noticed SaintRoka's ghost (novice NaAK)
  5397 | D:4      | Noticed Natasha
  5437 | D:4      | Killed from afar by Natasha

Action                   |  1- 3 |  4- 6 |  7- 9 || total
-------------------------+-------+-------+-------++-------
Melee: Spear             |     5 |       |       ||     5
       Short sword       |     1 |     5 |     6 ||    12
 Fire: Shortbow          |       |       |     5 ||     5
 Cast: Magic Dart        |    69 |   141 |    71 ||   281
       Mephitic Cloud    |       |    14 |     7 ||    21
       Conjure Flame     |       |     5 |     7 ||    12
       Call Imp          |       |     2 |       ||     2
       Blink             |       |     2 |     4 ||     6
  Use: Scroll            |     3 |     3 |       ||     6
       Potion            |       |       |     3 ||     3
 Stab: Sleeping          |       |     1 |       ||     1
  Eat: Fruit             |     2 |     6 |     1 ||     9
       Bread ration      |       |     1 |       ||     1
       Chunk             |       |     1 |       ||     1
